[Event "Late-Titled-Tuesday-Blitz-October-17-2023"]
[Site "Chess.com"]
[Date "2023.10.17"]
[Round "11"]
[White "santosalberto1987"]
[Black "Chesstrainer1"]
[Result "1-0"]
[WhiteElo "2418"]
[BlackElo "2470"]
[TimeControl "180+1"]
[EndTime "16:00:39 PDT"]
[Termination "santosalberto1987 won by resignation"]

1. e4 c5 2. Nf3 d6 3. Bb5+ Bd7 4. Bxd7+ Nxd7 5. c4 Ngf6 6. Nc3 g6 7. d4 cxd4 8. Nxd4 Bg7 9. Be3 O-O 10. Rc1 a6 11. b3 Qa5 12. f3 e6 13. Qd2 Rfe8 14.
O-O d5 15. cxd5 exd5 16. exd5 Nxd5 17. Nxd5 Qxd5 18. Bf2 Rad8 19. Rfd1 Nc5 20. Qc2 Rc8 21. b4 Ne6 22. Qxc8 Rxc8 23. Rxc8+ Nf8 24. Rcc1 Qxa2 25. b5 h5 26. bxa6 Qxa6 27. Rb1 Kh7 28. Rb3 Qa4 29.
Rbd3 f5 30. Ne2 Qe8 31. Nf4 b5 32. Rb3 Qe5 33. Bg3 Qd5 34. Rxd5 1-0

[Event "Late-Titled-Tuesday-Blitz-October-17-2023"]
[Site "Chess.com"]
[Date "2023.10.17"]
[Round "11"]
[White "DryCounty"]
[Black "AryanTari"]
[Result "0-1"]
[WhiteElo "2686"]
[BlackElo "2945"]
[TimeControl "180+1"]
[EndTime "16:00:43 PDT"]
[Termination "AryanTari won on time"]

1. e4 c6 2. d3 d5 3. Nd2 e5 4. Ngf3 Bd6 5. g3 Nf6 6. Bg2 O-O 7. O-O Re8 8. b3 a5 9. a3 Nbd7 10. Bb2 Qc7 11. Re1 b5 12. a4 bxa4 13. Rxa4 Nb6 14. Ra1 d4 15. Qc1 c5 16. Ba3 h6 17. Nh4 Be6 18.
Nf5 Bf8 19. h3 Kh7 20. g4 g6 21. Ng3 Nfd7 22. Nf3 a4 23. bxa4 Rxa4 24. Bb2 c4 25. Rxa4 Nxa4 26. Ba3 Nac5 27. Bf1 c3 28. Nf5 Ra8 29.
Bxc5 Nxc5 30. Kh1 f6 31. N3h4 g5 32. Nf3 Qb7 33. h4 Qb2 34. hxg5 Qxc1 35. g6+ Kxg6 36.
Rxc1 Ra2 37. Be2 Na6 38. Bd1 Ba3 39. Rb1 Bb2 40. Kg2 Nb4 41. Ne1 Ra7 42. Nh4+ Kf7 0-1

[Event "Late-Titled-Tuesday-Blitz-October-17-2023"]
[Site "Chess.com"]
[Date "2023.10.17"]
[Round "11"]
[White "Mikhail_Golubev"]
[Black "leoduarte"]
[Result "0-1"]
[WhiteElo "2535"]
[BlackElo "2406"]
[TimeControl "180+1"]
[EndTime "16:00:44 PDT"]
[Termination "leoduarte won on time"]

1. e4 c5 2. Nf3 e6 3. d4 cxd4 4. Nxd4 Nf6 5. Nc3 Nc6 6. a3 d5 7. exd5 exd5 8. Bb5 Bd7 9. O-O Be7 10. Nf3 Be6 11. Nd4 Bd7 12. Ba4 O-O 13. Bb3 Be6 14. Bf4 Rc8 15. Nxe6 fxe6 16. Bg3 Kh8 17. Qe2 Nd4 18. Qd3 Nxb3 19. cxb3 Bd6 20. Rfe1 Qd7 21. Rad1 a6 22. b4 Bxg3 23. Qxg3 Nh5 24. Qe3 Nf4 25.
Rd4 Qf7 26. f3 Rce8 27. Qe5 Nxg2 28. Kxg2 Qxf3+ 29. Kg1 Rf6 0-1

[Event "Late-Titled-Tuesday-Blitz-October-17-2023"]
[Site "Chess.com"]
[Date "2023.10.17"]
[Round "11"]
[White "LogoCzar"]
[Black "Fdpo95"]
[Result "1-0"]
[WhiteElo "2416"]
[BlackElo "2472"]
[TimeControl "180+1"]
[EndTime "16:00:45 PDT"]
[Termination "LogoCzar won by resignation"]

1. e4 c5 2. Nf3 d6 3. d4 cxd4 4. Nxd4 Nf6 5. Nc3 a6 6. Bc4 e6 7. Bb3 Qc7 8. g4 Nc6 9. g5 Nxd4 10. Qxd4 Nd7 11. f4 b5 12. Be3 Bb7 13. f5 Nc5 14. O-O-O O-O-O 15. Rhf1 b4 16. Qxb4 d5 17. Qd4 e5 18.
Qd2 d4 19. Nd5 Nxb3+ 20. axb3 Bxd5 21. exd5 dxe3 22. Qxe3 Bc5 23. Qe4 f6 24. d6 Qb7 25.
Qc4 Qb5 26. Qe6+ Kb8 27. gxf6 gxf6 28. Qxf6 Be3+ 29. Kb1 Rhe8 30. Qf7 Bb6 31. d7 Rf8 32. Qe7 Qc5 33. Qxh7 Rf6 34. Rfe1 Rd6 35. Qh4 R8xd7 36. Rxd6 Qxd6 37. f6 Rf7 38. Qh8+ Kb7 39. Rf1 Bd4 40. Qe8 Qd5 41. Rd1 Rc7 42. c3 Qe4+ 43. Ka2 Bxc3 44. f7 Qc2 45. Rb1 Rc5 46. Qd7+ Kb6 47. Qd6+ Rc6 48. Qb8+ Kc5 49. f8=Q+ 1-0

[Event "Late-Titled-Tuesday-Blitz-October-17-2023"]
[Site "Chess.com"]
[Date "2023.10.17"]
[Round "11"]
[White "Joshukid"]
[Black "cassoulet"]
[Result "0-1"]
[WhiteElo "2589"]
[BlackElo "2787"]
[TimeControl "180+1"]
[EndTime "16:00:47 PDT"]
[Termination "cassoulet won by resignation"]

1. Nf3 Nf6 2. c4 g6 3. b3 Bg7 4.
Bb2 O-O 5. g3 b6 6. Bg2 Bb7 7.
O-O d5 8. cxd5 Bxd5 9. Nc3 Bb7 10. d4 Nbd7 11. Rc1 c5 12. d5 Nxd5 13. Nxd5 Bxb2 14.
Rc2 Bg7 15. Rd2 Bc6 16. Nh4 Rc8 17. Nxe7+ Qxe7 18. Bxc6 Ne5 19. Bg2 Rfd8 20. Nf3 c4 21. bxc4 Nxc4 22. Rxd8+ Rxd8 23. Qc2 b5 24. Rd1 Bf6 25.
Rxd8+ Qxd8 26. Ne1 Qd4 27. Nd3 Qa1+ 28. Bf1 Bc3 29.
Kg2 Nd2 30. Qc1 Qxc1 31. Nxc1 Kf8 32. e3 Nxf1 33. Kxf1 Ke7 34. Ke2 Kd6 35. Kd3 Be1 36.
f3 a5 37. Nb3 Bb4 38. Nd4 Kc5 39. Nc2 a4 40. e4 Ba5 41. a3 b4 42. axb4+ Bxb4 43. f4 a3 44. Nxb4 Kxb4 45. Kc2 Kc4 46. e5 h5 47. Kb1 Kb3 48. h3 h4 49. gxh4 Kc4 50. h5 gxh5 51. f5 Kd5 52. e6 fxe6 53. fxe6 Kxe6 54. Ka2 Kf5 55. Kxa3 Kf4 56. Kb3 Kg3 57. Kc3 Kxh3 58. Kd3 Kg2 59. Ke2 h4 0-1

[Event "Late-Titled-Tuesday-Blitz-October-17-2023"]
[Site "Chess.com"]
[Date "2023.10.17"]
[Round "11"]
[White "tptagain"]
[Black "VincentKeymer"]
[Result "1-0"]
[WhiteElo "2934"]
[BlackElo "3075"]
[TimeControl "180+1"]
[EndTime "16:00:49 PDT"]
[Termination "tptagain won by resignation"]

1. d4 Nf6 2. Nf3 e6 3. Bg5 h6 4. Bxf6 Qxf6 5. e4 d6 6. Nc3 a6 7. a4 Nd7 8. Qd2 g6 9. a5 Bg7 10. Bc4 O-O 11. O-O g5 12. h3 c6 13. Rad1 Qd8 14.
Ne2 b5 15. axb6 Qxb6 16. Ng3 a5 17. Nh5 Qb4 18. Qe2 c5 19. c3 Qb6 20. d5 e5 21. h4 Nf6 22. Nxg7 Kxg7 23. hxg5 hxg5 24. Nxg5 Rh8 25. Rd3 Qd8 26. f4 Nh5 27. Nxf7 Kxf7 28. fxe5+ Ke8 29. Bb5+ Bd7 30. Rh3 Bxb5 31. Qxb5+ Qd7 32.
Qe2 Qxh3 33. gxh3 Ng3 34. Qb5+ Kd8 35. Qb6+ 1-0

[Event "Late-Titled-Tuesday-Blitz-October-17-2023"]
[Site "Chess.com"]
[Date "2023.10.17"]
[Round "11"]
[White "balachess2006"]
[Black "cthulhuuu"]
[Result "1-0"]
[WhiteElo "2584"]
[BlackElo "2414"]
[TimeControl "180+1"]
[EndTime "16:00:56 PDT"]
[Termination "balachess2006 won by checkmate"]

1. Nf3 Nf6 2. c4 g6 3. d4 Bg7 4.
g3 O-O 5. Bg2 d6 6. Nc3 c5 7.
O-O cxd4 8. Nxd4 Qa5 9. Bd2 Qc5 10. Ndb5 Na6 11. Be3 Qxc4 12. b3 Qg4 13. Rc1 Qh5 14. f3 Bd7 15. a4 Nc5 16. b4 Nxa4 17. Nxa4 Bxb5 18. Nc3 Bc4 19. b5 Bh6 20. Qd2 Qc5 21.
f4 Qh5 22. h3 Be6 23. g4 Bxg4 24. hxg4 Nxg4 25. Rf3 Qh2+ 26. Kf1 Rac8 27. Nd5 Qh4 28. Rh3 Rxc1+ 29. Qxc1 Nxe3+ 30. Qxe3 Qg4 31. Nxe7+ Kh8 32. Rxh6 Re8 33. Qd4+ f6 34. Qxf6# 1-0

[Event "Late-Titled-Tuesday-Blitz-October-17-2023"]
[Site "Chess.com"]
[Date "2023.10.17"]
[Round "11"]
[White "DvaHrasta"]
[Black "CraiggoryC"]
[Result "1-0"]
[WhiteElo "2494"]
[BlackElo "2240"]
[TimeControl "180+1"]
[EndTime "16:00:57 PDT"]
[Termination "DvaHrasta won by resignation"]

1. c4 e6 2. g3 d5 3. Bg2 Nf6 4. Nf3 Be7 5. O-O O-O 6. d4 dxc4 7. Ne5 Nc6 8. Bxc6 bxc6 9. Nxc6 Qe8 10. Nxe7+ Qxe7 11. Na3 e5 12. dxe5 Qxe5 13. Nxc4 Qh5 14. f3 Re8 15. e4 Ba6 16. b3 Bxc4 17. bxc4 Qc5+ 18. Kg2 Qxc4 19. Bg5 Rad8 20. Qc1 Qa6 21. Rf2 h6 22. Be3 Rd3 23. Qc5 Red8 24. Qxa7 Qe6 25. Re1 Qc6 26.
Qc5 Qxc5 27. Bxc5 Rd2 28. Be7 Rxf2+ 29. Kxf2 Rd2+ 30. Re2 Rxe2+ 31. Kxe2 Nd7 32. Kd3 f6 33. a4 Kf7 34. Bb4 c5 35. Bc3 Ke6 36. Kc4 Kd6 37.
Kb5 Kc7 38. a5 Kb7 39. a6+ Ka7 40. g4 Nb8 41. Kxc5 Nxa6+ 42. Kd6 Kb6 43. Ke6 Nc5+ 44.
Kf7 Na4 45. Bd4+ Kc6 46. Kxg7 1-0

[Event "Late-Titled-Tuesday-Blitz-October-17-2023"]
[Site "Chess.com"]
[Date "2023.10.17"]
[Round "11"]
[White "Alphafischer2019"]
[Black "imdvb6307"]
[Result "1-0"]
[WhiteElo "2569"]
[BlackElo "2481"]
[TimeControl "180+1"]
[EndTime "16:00:58 PDT"]
[Termination "Alphafischer2019 won on time"]

1. e4 Nc6 2. Nf3 d6 3. d4 Nf6 4. Nc3 Bg4 5. Be2 e5 6. d5 Ne7 7. h3 Bd7 8. O-O g6 9. a4 Bg7 10. a5 a6 11. b4 O-O 12. Rb1 c6 13. dxc6 Bxc6 14. Bd3 Nh5 15. Ne2 d5 16. exd5 Bxd5 17. Nc3 Bc6 18. Ne4 Nd5 19. c4 Ndf4 20. Bc2 Qxd1 21. Rxd1 Ne2+ 22. Kf1 Bxe4 23. Bxe4 Nc3 24. Bxb7 Ra7 25. Bd2 Nxb1 26. Rxb1 Rxb7 27. b5 Rc8 28.
Be3 Rxc4 29. Nd2 Rc8 30. bxa6 Rxb1+ 31. Nxb1 Nf4 32. Na3 Nd5 33. Bb6 Nb4 34. a7 Bf8 35.
Nb5 Nc6 36. Ke2 f5 37. f3 Kf7 38. Kd3 Ke6 39. a8=Q Rxa8 40. Nc7+ Kd7 41. Nxa8 Nb8 42. Nc7 Kc6 43. Ne6 Bd6 44. Ng5 h5 45. Nf7 Bc7 46. Bxc7 e4+ 47. fxe4 fxe4+ 48. Kxe4 Kxc7 49. Ne5 g5 50. Kf5 Kd6 51. Nf7+ Kd5 52. Kxg5 Ke6 53. Nd8+ Ke7 54.
Nb7 Kd7 55. Nc5+ Kc6 56. a6 Kb6 57. Kxh5 Nc6 58. Ne6 Kxa6 59. Kg6 Kb6 60. h4 Ne5+ 61. Kg7 Kc6 62. h5 Ng4 63. h6 Nxh6 64. Kxh6 Kd6 65.
g4 Kxe6 66. g5 Kf7 67. Kh7 1-0

[Event "Late-Titled-Tuesday-Blitz-October-17-2023"]
[Site "Chess.com"]
[Date "2023.10.17"]
[Round "11"]
[White "nitpicker"]
[Black "protectiago"]
[Result "1-0"]
[WhiteElo "2241"]
[BlackElo "2086"]
[TimeControl "180+1"]
[EndTime "16:00:59 PDT"]
[Termination "nitpicker won on time"]

1. d4 Nf6 2. c4 g6 3. Nc3 d5 4. Qb3 dxc4 5. Qxc4 Bg7 6. e4 O-O 7. Nf3 Na6 8. Qa4 Bd7 9. Qb3 c5 10. d5 c4 11. Bxc4 Nc5 12. Qc2 Rc8 13. e5 Ng4 14.
Bf4 b5 15. b4 Bf5 16. Qe2 Nd7 17. Nxb5 Ngxe5 18. Nxe5 Nxe5 19. Bxe5 Bxe5 20. Rc1 Bf4 21. Rc3 a6 22. Na3 Qd6 23. Rb3 Rc7 24. g3 Be5 25.
O-O Rfc8 26. Re1 Bf6 27. Bxa6 Ra8 28. Nb5 Qxa6 29. Nxc7 Qxe2 30. Rxe2 Rc8 31. Na6 Bd7 32. Nc5 Bb5 33. Rd2 Ra8 34. h4 h5 35. a4 1-0

[Event "Late-Titled-Tuesday-Blitz-October-17-2023"]
[Site "Chess.com"]
[Date "2023.10.17"]
[Round "11"]
[White "dadice10"]
[Black "C_K_G"]
[Result "1-0"]
[WhiteElo "2196"]
[BlackElo "1888"]
[TimeControl "180+1"]
[EndTime "16:01:00 PDT"]
[Termination "dadice10 won on time"]

1. e4 c5 2. Nc3 d6 3. f4 e6 4. Nf3 Nc6 5. Bb5 Qc7 6. O-O Bd7 7. d3 Nf6 8. Qe1 a6 9. Bxc6 Bxc6 10. e5 Ng4 11.
Qg3 h5 12. h3 Nh6 13. exd6 Qxd6 14. Ne4 Qc7 15. Ne5 Nf5 16. Qf2 c4 17. Ng5 cxd3 18. Ngxf7 Rg8 19. c3 Bb5 20. Qf3 g6 21. Bd2 Bg7 22. Rae1 Bxe5 23. Nxe5 O-O-O 24. c4 Bc6 25. Nxc6 Qxc6 26. Qxc6+ bxc6 27. Rxe6 Rd6 28. Rxd6 Nxd6 29. b3 Ne4 30. Ba5 Rf8 31. Rd1 Rxf4 32. Rxd3 h4 33. Rf3 Rxf3 34. gxf3 Ng5 35. Kg2 Kd7 36. Bd2 Ne6 37.
f4 Kd6 38. Kf3 Kc5 39. Ke4 Ng7 40. Ke5 Nf5 41. Kf6 Kd4 42. Kxg6 Ng3 43. f5 Kd3 44. f6 Ne4 45. Bg5 1-0

[Event "Late-Titled-Tuesday-Blitz-October-17-2023"]
[Site "Chess.com"]
[Date "2023.10.17"]
[Round "11"]
[White "Vigg-Sama"]
[Black "tylityli"]
[Result "0-1"]
[WhiteElo "2187"]
[BlackElo "2333"]
[TimeControl "180+1"]
[EndTime "16:01:03 PDT"]
[Termination "tylityli won by resignation"]

1. e4 e5 2. Nf3 Nc6 3. Bb5 a6 4. Ba4 Nf6 5. O-O Be7 6. Re1 b5 7. Bb3 d6 8. c3 O-O 9. h3 Nd7 10.
a4 Rb8 11. axb5 axb5 12. d4 Bf6 13. Be3 Re8 14. Nbd2 Bb7 15. d5 Ne7 16. Qe2 Ng6 17.
Qxb5 Nf4 18. Bxf4 exf4 19. Qe2 Be5 20. Ba4 Rf8 21. Bxd7 Qxd7 22. Nxe5 dxe5 23. Nf3 Qe7 24. b4 g5 25. Nh2 Bc8 26. Qh5 Qf6 27. Ng4 Bxg4 28.
Qxg4 Qg6 29. Rab1 f5 30. exf5 Rxf5 31. b5 h5 32. Qe2 g4 33. hxg4 hxg4 34. Qe4 f3 35. c4 g3 36. gxf3 Rbf8 37. Qg4 Qxg4 38. fxg4 gxf2+ 39. Kg2 fxe1=Q 40. Rxe1 Rf2+ 41. Kg3 Rc2 42. Re4 Rf4 43. Rxe5 Rfxc4 44. g5 Kf7 45. Re6 R2c3+ 46. Kf2 Rb4 47. g6+ Kg7 0-1

[Event "Late-Titled-Tuesday-Blitz-October-17-2023"]
[Site "Chess.com"]
[Date "2023.10.17"]
[Round "11"]
[White "NotFischer"]
[Black "familijatop71"]
[Result "0-1"]
[WhiteElo "2238"]
[BlackElo "2142"]
[TimeControl "180+1"]
[EndTime "16:01:03 PDT"]
[Termination "familijatop71 won on time"]

1. b4 Nf6 2. Bb2 g6 3. c4 Bg7 4.
Nf3 O-O 5. e3 d6 6. Be2 Nbd7 7.
O-O b6 8. d4 Bb7 9. Nc3 e5 10.
d5 h6 11. Rc1 g5 12. Nd2 Re8 13. Bg4 Nf8 14. Bf5 Bc8 15. Qf3 Bxf5 16. Qxf5 Qc8 17.
Qxc8 Raxc8 18. c5 Red8 19. e4 Ng6 20. g3 Ne7 21. Ba3 Nd7 22. cxd6 cxd6 23. Nb5 Bf8 24. Nxd6 Rxc1 25. Rxc1 Nxd5 26. Nb7 Rb8 27. exd5 Rxb7 28. Rc8 Kg7 29. Nc4 a5 30. Bb2 f6 31. a3 axb4 32.
axb4 Bxb4 33. Kg2 Bc5 34. f4 b5 35. Nd2 Ra7 36. fxe5 fxe5 37. Bxe5+ Nxe5 38. Rxc5 Ra2 0-1

[Event "Late-Titled-Tuesday-Blitz-October-17-2023"]
[Site "Chess.com"]
[Date "2023.10.17"]
[Round "11"]
[White "Hrant_ChessMood"]
[Black "Dhaydon19"]
[Result "0-1"]
[WhiteElo "2915"]
[BlackElo "2602"]
[TimeControl "180+1"]
[EndTime "16:01:06 PDT"]
[Termination "Dhaydon19 won by resignation"]

1. e4 d5 2. exd5 Qxd5 3. d4 Qd8 4. c4 Nf6 5. Nc3 g6 6. Be2 Bg7 7. Nf3 O-O 8. O-O c6 9. Re1 Bf5 10. Bg5 Nbd7 11. Bf1 Re8 12. h3 Nf8 13. Qd2 Qc7 14. Rad1 Rad8 15. Bh6 Ne6 16. g4 Bxg4 17. hxg4 Nxg4 18.
Bxg7 Kxg7 19. Bh3 Nxd4 20. Qxd4+ Rxd4 21. Rxd4 Nf6 22. Ne4 Rd8 23. Nxf6 exf6 24. Rde4 Rd3 25. Bg2 Qd7 26. Re7 Qg4 27. Nh2 Qd4 28. Rxb7 Rd2 29. Rf1 Qxc4 30. Nf3 Rd5 31. Rxa7 h5 32. b3 Qf4 33.
Ra4 Qd6 34. Re4 g5 35. a4 Qa3 36. Re3 Rd6 37. Ne1 c5 38. Bf3 g4 39. Bd1 Rxd1 40. f3 Qc1 41. Re2 Qf4 42. fxg4 Qg3+ 43. Rg2 Qe3+ 44.
Kh2 Rxe1 45. gxh5+ Kf8 46. Rf5 Qc1 47. Rxf6 Rh1+ 48.
Kg3 Qg5+ 0-1

[Event "Late-Titled-Tuesday-Blitz-October-17-2023"]
[Site "Chess.com"]
[Date "2023.10.17"]
[Round "11"]
[White "esskeettit"]
[Black "KNVB"]
[Result "1-0"]
[WhiteElo "2507"]
[BlackElo "2600"]
[TimeControl "180+1"]
[EndTime "16:01:06 PDT"]
[Termination "esskeettit won by checkmate"]

1. d4 Nf6 2. c4 e5 3. dxe5 Ng4 4.
Nh3 Nxe5 5. e3 d5 6. cxd5 Bxh3 7.
gxh3 Bd6 8. Bg2 O-O 9. O-O Ng6 10. f4 f5 11. Nc3 Nd7 12. b3 a6 13. Bb2 Qh4 14.
Ne2 Rae8 15. Nd4 Rxe3 16. Ne6 Rf7 17. Qd4 Re2 18. Kh1 Nf6 19. Bc3 Ne4 20. Bxe4 Rxe4 21. Qa7 Qxh3 22. Rac1 Re2 23. Qg1 Nh4 24. Qg3 Qxg3 25.
hxg3 Ng6 26. Nd4 Re3 27. Kg2 Nf8 28. Nf3 Re4 29. Be5 g6 30. Ng5 Re2+ 31. Kf3 Rxa2 32. Nxf7 Kxf7 33. Bxd6 cxd6 34. Rc7+ Kf6 35. Rxb7 Ra3 36.
Re1 g5 37. Re8 g4+ 38. Ke3 Ng6 39. Re6# 1-0

[Event "Late-Titled-Tuesday-Blitz-October-17-2023"]
[Site "Chess.com"]
[Date "2023.10.17"]
[Round "11"]
[White "venturov"]
[Black "Nf3c5"]
[Result "0-1"]
[WhiteElo "2476"]
[BlackElo "2608"]
[TimeControl "180+1"]
[EndTime "16:01:07 PDT"]
[Termination "Nf3c5 won by resignation"]

1. e4 c6 2. d4 d5 3. Nc3 dxe4 4. Nxe4 Nf6 5. Ng3 h5 6. Bc4 h4 7. N3e2 e5 8. Be3 Ng4 9. dxe5 Qxd1+ 10. Rxd1 Nxe3 11. fxe3 Bc5 12. Nd4 h3 13. g3 Bg4 14.
Be2 Bd7 15. Ngf3 Na6 16. O-O Be7 17. e6 Bxe6 18. Bxa6 bxa6 19. Nxe6 fxe6 20. Nd4 Bf6 21. Nxe6 Ke7 22. Nd4 Rac8 23. c3 Rhd8 24. Rf5 c5 25. Re1 cxd4 26. exd4+ Kf7 27. Ra5 Rc6 28. Re4 Rb8 29.
Re2 Rcb6 30. b3 Rc6 31. Rd2 Rxc3 32. Rxa6 Rb7 33. Kf2 Rd7 34. Ra4 Rc6 35. g4 Rcd6 36. Ke3 Bg5+ 37. Ke2 Bxd2 38. Kxd2 Rxd4+ 0-1

[Event "Late-Titled-Tuesday-Blitz-October-17-2023"]
[Site "Chess.com"]
[Date "2023.10.17"]
[Round "11"]
[White "eljanov"]
[Black "wild3000"]
[Result "1-0"]
[WhiteElo "2856"]
[BlackElo "2464"]
[TimeControl "180+1"]
[EndTime "16:01:08 PDT"]
[Termination "eljanov won by resignation"]

1. d4 Nf6 2. Bf4 d5 3. e3 c6 4.
c4 g6 5. Nc3 Bg7 6. Nf3 O-O 7. Rc1 Bg4 8. Qb3 Bxf3 9. gxf3 dxc4 10. Qxb7 Nbd7 11. Qxc6 Nb6 12. Be2 Qd7 13. Qxd7 Nfxd7 14. O-O e5 15. dxe5 Bxe5 16. Bxe5 Nxe5 17. Rfd1 Rfd8 18.
Ne4 Kf8 19. f4 Nd3 20. Bxd3 cxd3 21. Rc3 Na4 22. Rcxd3 Rxd3 23. Rxd3 Nxb2 24. Rd7 Nc4 25. Ng5 Ke8 26. Rxf7 h6 27. Rh7 Rd8 28. Rxh6 Rd1+ 29. Kg2 Rd2 30. Kg3 Rxa2 31. Rxg6 a5 32. Rc6 Nd2 33.
h4 a4 34. h5 Nf1+ 35. Kf3 Nh2+ 36. Ke4 Ng4 37. Kf5 a3 38. Kxg4 Rxf2 39. Ra6 a2 40. h6 Rh2 41. h7 Kf8 42. Rxa2 1-0

[Event "Late-Titled-Tuesday-Blitz-October-17-2023"]
[Site "Chess.com"]
[Date "2023.10.17"]
[Round "11"]
[White "Goryachkina"]
[Black "scandalgod"]
[Result "0-1"]
[WhiteElo "2626"]
[BlackElo "2509"]
[TimeControl "180+1"]
[EndTime "16:01:09 PDT"]
[Termination "scandalgod won on time"]

1. e4 e5 2. Nf3 Nc6 3. Nc3 Nf6 4.
d4 exd4 5. Nxd4 Bb4 6. Nxc6 bxc6 7. Bd3 O-O 8. O-O d5 9. exd5 Bg4 10. Be2 Bxe2 11.
Nxe2 cxd5 12. Bg5 c6 13. Nd4 Qd6 14. Qf3 Ne4 15. Be3 Rae8 16. c3 Bc5 17. Nf5 Qe5 18. Rae1 Bb6 19. Qg4 g6 20. Nd4 f5 21. Qd1 f4 22. Nxc6 fxe3 23. Nxe5 exf2+ 24. Kh1 fxe1=Q 25. Qxd5+ Kg7 26. Qd7+ Kh6 27. Qh3+ Kg7 28. Qd7+ Kg8 29. Rxe1 Nf2+ 30. Kg1 Rxe5 0-1

[Event "Late-Titled-Tuesday-Blitz-October-17-2023"]
[Site "Chess.com"]
[Date "2023.10.17"]
[Round "11"]
[White "Necromon"]
[Black "AsaHoffmann"]
[Result "0-1"]
[WhiteElo "2495"]
[BlackElo "2370"]
[TimeControl "180+1"]
[EndTime "16:01:11 PDT"]
[Termination "AsaHoffmann won by resignation"]

1. Nf3 d6 2. d4 Bg4 3. g3 Bxf3 4.
exf3 c6 5. Bg2 e6 6. O-O g6 7. c3 Bg7 8. Be3 Ne7 9. Qc1 Qb6 10. Na3 d5 11. Rb1 Nd7 12. Bh6 O-O 13. Bxg7 Kxg7 14.
f4 Nf5 15. Nc2 c5 16. dxc5 Nxc5 17. Ne3 Nd6 18. Qd2 Rac8 19. Qd4+ f6 20. Rfe1 Nce4 21. Qa4 a6 22. h4 Qb5 23. Qd1 f5 24. Qd4+ Kf7 25.
h5 Qc5 26. hxg6+ hxg6 27. Qe5 Rfe8 28. Rbd1 b5 29. Kf1 a5 30. g4 Nc4 31. Nxc4 Qxc4+ 32. Kg1 b4 33. Bxe4 fxe4 34. Re3 Qc7 35. Qxc7+ Rxc7 36. cxb4 axb4 37. f5 gxf5 38. gxf5 Rc2 39. fxe6+ Kxe6 40. Rb3 Rg8+ 41. Kf1 Rf8 42. Rxb4 Rfxf2+ 43. Kg1 Rg2+ 44. Kh1 e3 45. Re1 Rh2+ 46. Kg1 Rcg2+ 47. Kf1 e2+ 48. Rxe2+ Rxe2 49. a4 Rxb2 0-1

[Event "Late-Titled-Tuesday-Blitz-October-17-2023"]
[Site "Chess.com"]
[Date "2023.10.17"]
[Round "11"]
[White "Chempiblinka"]
[Black "Schwindle"]
[Result "1-0"]
[WhiteElo "2323"]
[BlackElo "2374"]
[TimeControl "180+1"]
[EndTime "16:01:12 PDT"]
[Termination "Chempiblinka won by resignation"]

1. Nf3 Nf6 2. c4 e6 3. g3 d5 4. Bg2 Be7 5. O-O O-O 6. d4 dxc4 7. a4 a6 8. Qc2 Bd7 9. Ne5 Bc6 10. Nxc6 Nxc6 11.
Bxc6 bxc6 12. Qxc4 Qd5 13. Nd2 Rfd8 14. e3 Qh5 15.
Kg2 c5 16. Nf3 cxd4 17. exd4 c5 18. dxc5 Bxc5 19. Bf4 Nd5 20. Bg5 f6 21. Qxc5 fxg5 22. Qc6 Re8 23. Rae1 Rac8 24. Qxa6 Nf4+ 25. gxf4 Qg4+ 26.
Kh1 Qxf3+ 27. Kg1 gxf4 28. Qe2 Qh3 29. f3 Rc5 30. Kh1 Rg5 31. Rg1 Rxg1+ 32. Rxg1 e5 33. Qc4+ Kh8 34. Qe4 h6 35. Qe2 Qf5 36. Qg2 Re7 37.
b4 Qf6 38. b5 Qb6 39. Qg6 Qe3 40. Qe4 Qxe4 41. fxe4 Ra7 42. Ra1 Kg8 43. a5 1-0

[Event "Late-Titled-Tuesday-Blitz-October-17-2023"]
[Site "Chess.com"]
[Date "2023.10.17"]
[Round "11"]
[White "kai_nov"]
[Black "UK_23"]
[Result "0-1"]
[WhiteElo "2280"]
[BlackElo "2389"]
[TimeControl "180+1"]
[EndTime "16:01:14 PDT"]
[Termination "UK_23 won on time"]

1. d4 d5 2. c4 e6 3. Nc3 Nf6 4. cxd5 exd5 5. Bg5 Be7 6. e3 O-O 7. Bd3 Re8 8. Qc2 h6 9. Bh4 c5 10. Nge2 Nc6 11. O-O Nb4 12. Qd1 Nxd3 13. Qxd3 c4 14. Qc2 a6 15. Bxf6 Bxf6 16. Nf4 Be6 17. Nxe6 Rxe6 18.
Qf5 Rd6 19. a4 g6 20. Qf3 Kg7 21. Rad1 Qd7 22. e4 dxe4 23. Nxe4 Re6 24. d5 Rxe4 25. Qxe4 Qxa4 26. d6 Qb4 27. d7 Rd8 28. f4 a5 29.
f5 g5 30. h4 a4 31. hxg5 hxg5 32. Rf2 b5 33. Qc6 Qb3 34. Rd6 Bxb2 35. Rg6+ fxg6 36. Qxg6+ Kf8 37. f6 Rxd7 38. Qh6+ Kf7 39. Qh7+ Ke6 40.
Qf5+ Kd6 41. Rd2+ Kc7 42. Qxd7+ Kb6 43. Qd8+ Kc6 44. Qd6+ Kb7 0-1

[Event "Late-Titled-Tuesday-Blitz-October-17-2023"]
[Site "Chess.com"]
[Date "2023.10.17"]
[Round "11"]
[White "wanyaland"]
[Black "micke12a"]
[Result "1-0"]
[WhiteElo "2464"]
[BlackElo "2370"]
[TimeControl "180+1"]
[EndTime "16:01:15 PDT"]
[Termination "wanyaland won on time"]

1. d4 Nf6 2. c4 c5 3. d5 b5 4.
cxb5 a6 5. bxa6 g6 6. g3 Bg7 7.
Bg2 d6 8. Nc3 O-O 9. Nf3 Nxa6 10. O-O Bf5 11. Nh4 Bd7 12. Rb1 Qb6 13. b3 Nb4 14. a3 Na6 15. h3 Qa5 16. Bb2 Rfb8 17. e4 Ne8 18. Qc2 Nec7 19. Rfe1 Nb5 20. Nxb5 Bxb2 21.
Qxb2 Rxb5 22. e5 Nc7 23. exd6 exd6 24. Qf6 Rxb3 25. Rxb3 Qxe1+ 26. Kh2 Ne8 27. Qf4 Qe5 28.
Qh6 c4 29. Rb7 Bc8 30. Nf3 Qg7 31. Qxg7+ Kxg7 32. Re7 Bf5 33. Nd4 Kf6 34. Re3 Bd3 35.
f4 Nc7 36. g4 h6 37. h4 Re8 38.
g5+ hxg5 39. fxg5+ Kg7 40. Rg3 Re5 41. Nc6 Re2 42.
Nb4 Be4 43. Kh3 Bxg2+ 44. Rxg2 Re3+ 45. Rg3 Re1 46. Rc3 1-0

[Event "Late-Titled-Tuesday-Blitz-October-17-2023"]
[Site "Chess.com"]
[Date "2023.10.17"]
[Round "11"]
[White "ckgchess"]
[Black "DarkAlekhine"]
[Result "1/2-1/2"]
[WhiteElo "2870"]
[BlackElo "2737"]
[TimeControl "180+1"]
[EndTime "16:01:20 PDT"]
[Termination "Game drawn by repetition"]

1. e4 Nf6 2. e5 Nd5 3. d4 d6 4. Nf3 g6 5. Bc4 Nb6 6. Be2 Bg7 7.
O-O O-O 8. exd6 cxd6 9. Re1 Nc6 10. Nc3 Bg4 11. h3 Bxf3 12. Bxf3 Nxd4 13. Bxb7 Rb8 14.
Ba6 e6 15. Ne4 d5 16. Ng5 Na4 17. c3 Nxb2 18. Bxb2 Qxg5 19. Bc1 Qh4 20. g3 Qf6 21. cxd4 Qxd4 22. Bf4 Rb6 23. Qxd4 Bxd4 24. Rad1 Bc3 25. Bd3 Bxe1 26. Rxe1 Rc8 27. a4 f6 28. a5 Rb3 29.
Bb1 e5 30. Ba2 Rb5 31. Bh6 Rxa5 32. Bb3 Rb5 33. Ba4 Rb4 34. Bd7 Rcb8 35. Be6+ Kh8 36.
Kg2 Rb1 37. Re2 R8b2 38. Re3 Rb3 39. Re2 R1b2 40. Re1 Rb1 41. Re2 R1b2 42. Re1 Rb1 43. Re2 1/2-1/2

[Event "Late-Titled-Tuesday-Blitz-October-17-2023"]
[Site "Chess.com"]
[Date "2023.10.17"]
[Round "11"]
[White "Kostukov_Alex"]
[Black "NigelDwarf"]
[Result "0-1"]
[WhiteElo "2420"]
[BlackElo "2558"]
[TimeControl "180+1"]
[EndTime "16:01:20 PDT"]
[Termination "NigelDwarf won on time"]

1. g3 h5 2. Nf3 h4 3. Nxh4 e5 4. Nf3 e4 5. Nd4 d5 6. d3 Nf6 7. c4 Nc6 8. Nxc6 bxc6 9. cxd5 cxd5 10. Nc3 e3 11. fxe3 Bd6 12. Bg2 Rxh2 13. O-O Bxg3 14. e4 d4 15. Rf3 Be5 16. Qa4+ Bd7 17. Qa5 Ng4 18. Bf4 Bxf4 19. Rxf4 Qh4 20. Rxg4 Qxg4 21. Qe5+ Be6 22. Qxh2 dxc3 23. Qh8+ Kd7 24. Qxa8 cxb2 25.
Rf1 Qxe2 26. Qb7 Bxa2 27. Qb5+ Kd8 28. Bh3 Qe3+ 29. Kh2 Qe2+ 30. Kg3 Qe3+ 31. Rf3 Qe1+ 32. Kh2 Qe2+ 33. Kg3 Qe1+ 34. Kf4 Qc1+ 35. Kg3 Qg1+ 36. Kh4 g5+ 37. Kh5 g4 38. Bxg4 Qh2+ 39. Rh3 Qd6 0-1